 Seeded DCSS version 0.29-a0-676-ga64570c9d2 (webtiles) character file.

Game seed: 11715873064666042754 (custom seed)

378 wilfster70 the Digger (level 6, 0/32 HPs)
             Began as a Gargoyle Earth Elementalist on June 24, 2022.
             Was an Initiate of Okawaru.
             Slain by a black bear (7 damage)
             ... on level 5 of the Dungeon.
             The game lasted 00:08:41 (3827 turns).

wilfster70 the Digger (Gargoyle Earth Elementalist) Turns: 3827, Time: 00:08:41

Health: 0/32       AC:  7    Str: 11    XL:     6   Next: 74%
Magic:  8/13       EV: 11    Int: 18    God:    Okawaru [......]
Gold:   36         SH:  0    Dex: 10    Spells: 10/14 levels left

rFire   + . .      SeeInvis .   a - +6 shillelagh "Devastator" {shatter}
rCold   . . .      Faith    .   (no shield)
rNeg    + . .      Spirit   .   c - +0 robe
rPois   ∞          Reflect  .   (no helmet)
rElec   +          Harm     .   p - +0 cloak
rCorr   .          Rampage  .   (no gloves)
Will    .....                   (no boots)
Stlth   ++........              (no amulet)
HPRegen 0.10/turn               d - ring of protection from fire
MPRegen 0.13/turn               (no ring)

@: very slightly contaminated
A: sickness immunity, AC +4, negative energy resistance 1, electricity
resistance, torment resistance 1, petrification resistance
a: Renounce Religion


You were on level 5 of the Dungeon.
You worshipped Okawaru.
Okawaru was noncommittal.
You visited 2 branches of the dungeon, and saw 6 of its levels.

You collected 127 gold pieces.
You spent 91 gold pieces at shops.

Inventory:

Hand Weapons
 a - the +6 shillelagh "Devastator" (weapon) {shatter}
   (You found it on level 4 of the Dungeon)

   It releases a powerful concussive burst when it strikes, dealing extra damage
   to the target and all other foes adjacent to them.
Missiles
 i - 4 poisoned darts
 q - 6 atropa-tipped darts
Armour
 c - a +0 robe (worn)
 p - a +0 cloak (worn)
Jewellery
 d - a ring of protection from fire (left hand)
 u - a ring of fire
Wands
 v - a wand of flame (2)
 x - a wand of charming (2)
Scrolls
 e - a scroll of amnesia {unknown}
 g - a scroll of enchant weapon {unknown}
 j - 2 scrolls of fear
 m - a scroll of vulnerability {unknown}
 n - a scroll of enchant armour {unknown}
 r - a scroll of fog {unknown}
 s - a scroll of teleportation
 w - a scroll of magic mapping {unknown}
 y - a scroll of summoning {unknown}
Potions
 b - a potion of magic
 f - a potion of lignification
 h - a potion of haste
 k - 3 potions of mutation
 l - 4 potions of curing
 o - a potion of heal wounds {unknown}
 t - a potion of might {unknown}


   Skills:
 - Level 1.5 Dodging
 - Level 2.1 Stealth
 - Level 4.7 Spellcasting
 - Level 1.9 Conjurations
 - Level 0.7 Transmutations
 - Level 6.2 Earth Magic
 + Level 0.0 Invocations


You had 10 spell levels left.
You knew the following spells:

 Your Spells              Type           Power      Damage    Failure   Level
a - Sandblast             Erth           52%        2d12      1%          1
b - Stone Arrow           Conj/Erth      38%        3d9       8%          3

Your spell library contained the following spells:

 Spells                   Type           Power      Damage    Failure   Level
 Passwall                 Tmut/Erth      13%        N/A       4%          2
 Petrify                  Tmut/Erth      16%        N/A       32%         4


Dungeon Overview and Level Annotations

Branches:
Dungeon (5/15)             Temple (1/1) D:5

Altars:
Ashenzari
Cheibriados
Fedhas
Makhleb
Nemelex Xobeh
Okawaru
Uskayaw

Shops:
D:3 ?


Innate Abilities, Weirdness & Mutations

You are immune to sickness and miasma.
Your stone body is resilient. (AC +4)
You are immune to poison.
You resist negative energy. (rN+)
You are resistant to electric shocks. (rElec)
You are resistant to unholy torment.
You are immune to petrification.


Message History

The blast of sand hits the black bear!
The black bear is heavily wounded.
The black bear bites you! The black bear misses you.
The black bear closely misses you. x2
The black bear claws you but does no damage. x2
Casting: Sandblast (safe; 1% risk of failure)
Confirm with . or Enter, or press ? or * to list all spells.
Aiming: Sandblast (safe; 1% risk of failure)
Press: ? - help, Shift-Dir - straight line, f/p - phantom
Aim: a phantom (severely damaged, 73% to hit)
The blast of sand hits the black bear.
The black bear is severely wounded.
The black bear bites you but does no damage.
The black bear claws you but does no damage. x2
The black bear bites you but does no damage.
The black bear claws you but does no damage. x2
Casting: Sandblast (safe; 1% risk of failure)
Confirm with . or Enter, or press ? or * to list all spells.
Aiming: Sandblast (safe; 1% risk of failure)
Press: ? - help, Shift-Dir - straight line, f/p - phantom
Aim: a phantom (severely damaged, 73% to hit)
The blast of sand hits the black bear!
The black bear is almost dead.
The black bear goes berserk!
The black bear barely misses you. The black bear claws you. x2
Casting: Sandblast (safe; 1% risk of failure)
Confirm with . or Enter, or press ? or * to list all spells.
Aiming: Sandblast (safe; 1% risk of failure)
Press: ? - help, Shift-Dir - straight line, f/p - phantom
Aim: a phantom (severely damaged, 73% to hit)
You miscast Sandblast.
You are very lightly contaminated with residual magic.
Nothing appears to happen.
The black bear closely misses you.
The black bear claws you but does no damage. x2
The black bear bites you!
* * * LOW HITPOINT WARNING * * *
The black bear claws you.
* * * LOW HITPOINT WARNING * * *
The black bear barely misses you. The black bear bites you!
You die...

.##...P#...#P##
.##.#....>....# .####
.##.##P#...#P.### ##.#...
.##.#####.##....# .......
.##.# #P.P.....# .......
.##.# #....>...# .?.....
.##.# #........# .......
.##.# #........##.......
.##.## #........@hW......
.(...######+######.?.)...
.....'......# #######
.....######## .....#
...### .#.########
........... ...########


You could see a black bear (berserk) and a phantom.

Vanquished Creatures
  Sigmund (D:4)
  A necrophage (D:4)
  A scorpion (D:4)
  A gnoll (D:1)
  4 adders
  A worm (D:4)
  A dart slug (D:1)
  An orc (D:3)
  5 ball pythons
  4 bats
  5 endoplasms
  2 giant cockroaches (D:1)
  7 goblins
  5 hobgoblins
  2 jackals (D:2)
  3 quokkas
  3 frilled lizards
  5 kobolds
  10 rats
62 creatures vanquished.

Notes
Turn   | Place    | Note
-------+----------+-------------------------------------------
     0 | D:1      | wilfster70 the Gargoyle Earth Elementalist began the quest
                  | for the Orb.
     0 | D:1      | Reached XP level 1. HP: 10/10 MP: 3/3
   375 | D:1      | Reached XP level 2. HP: 15/15 MP: 3/5
   376 | D:1      | Reached skill level 4 in Earth Magic
   914 | D:1      | Reached XP level 3. HP: 19/19 MP: 4/6
   919 | D:1      | Learned a level 3 spell: Stone Arrow
  1712 | D:2      | Found a faded altar of an unknown god.
  1749 | D:2      | Found a blossoming altar of Fedhas.
  1890 | D:2      | You fall into a shaft and drop 2 floors!
  1907 | D:4      | Noticed a scorpion
  1912 | D:4      | Killed a scorpion
  1913 | D:4      | Reached skill level 5 in Earth Magic
  1913 | D:4      | Reached XP level 4. HP: 24/24 MP: 6/9
  1946 | D:4      | Noticed Sigmund
  1950 | D:4      | Killed Sigmund
  1951 | D:4      | Reached skill level 6 in Earth Magic
  1951 | D:4      | Reached XP level 5. HP: 27/28 MP: 6/11
  1951 | D:4      | Reached XP level 6. HP: 31/32 MP: 6/12
  2554 | D:3      | Found Ezokink's Magic Scroll Shop.
  2560 | D:3      | Bought a scroll of fear for 49 gold pieces
  2560 | D:3      | Bought a scroll of teleportation for 42 gold pieces
  2603 | D:3      | Reached skill level 1 in Conjurations
  3235 | D:4      | Found the +6 shillelagh "Devastator" {shatter}
  3504 | D:5      | Entered Level 5 of the Dungeon
  3656 | D:5      | Found a staircase to the Ecumenical Temple.
  3665 | Temple   | Entered the Ecumenical Temple
  3782 | Temple   | Became a worshipper of Warmaster Okawaru
  3819 | D:5      | Noticed a black bear
  3827 | D:5      | Slain by a black bear

Illustrated notes

Levels and vault maps discovered:
D:1:      mushboom_english_gardens, layout_loops_ring,
          minmay_misc_feat_more_columns, minivault_19, minmay_misc_feat_x,
          st_stairs_14, amcnicky_mini_corridor_feature,
          chequers_serial_rivers_small_b, minmay_shallow_snake_nest
D:2:      layout_basic, basic_altar, hellmonk_ecumenical_altar_dog_temple
D:3:      layout_loops_ring, serial_shops, shop
D:4:      layout_basic, uniq_sigmund
D:5:      minmay_chambers_of_threes, layout_basic,
          minmay_temple_entry_gardened_gates
Temple:   minmay_temple_curvy_branch

Skill      XL: |  1  2  3  4  5  6 |
---------------+-------------------+-----
Earth Magic    | 4 5 6 |  6.2
Spellcasting   | 3 4 |  4.7
Conjurations   | 1 |  1.9
Dodging        | |  1.5
Stealth        | |  2.1
Transmutations | |  0.7

Action                   |  1- 3 |  4- 6 || total
-------------------------+-------+-------++-------
Melee: Quarterstaff      |     5 |     1 ||     6
       Shillelagh        |       |     5 ||     5
 Cast: Sandblast         |    49 |    36 ||    85
  Use: Scroll            |     3 |     2 ||     5
Armor: Robe              |    13 |    14 ||    27
Dodge: Dodged            |    23 |    15 ||    38

Table legend: (Time is in decaauts)
 A = Elapsed time spent in this place.
 B = Non-inter-level travel time spent in this place.
 C = Inter-level travel time spent in this place.
 D = Time resting spent in this place.
 E = Time spent auto-exploring this place.
 F = Levels seen in this place.
 G = Mean time per level.
                   A        B        C        D        E       F      G
               +--------+--------+--------+--------+--------+-----+--------+
         Total |   3914 |   3830 |     84 |    715 |   2030 |   6 |  652.3 |
       Dungeon |   3774 |   3712 |     62 |    715 |   1969 |   5 |  754.8 |
        Temple |    139 |    117 |     22 |      0 |     61 |   1 |  139.0 |
               +--------+--------+--------+--------+--------+-----+--------+

Top non-repeatable levels by time:
     D:1: 1669 daAuts
     D:4: 907 daAuts
     D:3: 740 daAuts
     D:2: 269 daAuts
     D:5: 188 daAuts
  Temple: 139 daAuts
